 Dungeon Crawl Stone Soup version 0.18.1-5-g4a78601 (webtiles) character file.

23949 Arkorax the Severer (level 12, 0/186 HPs)
             Began as a Minotaur Berserker on May 14, 2016.
             Was the Champion of Trog.
             Slain by a ten-headed hydra (5 damage)
             ... on level 4 of the Lair of Beasts.
             The game lasted 00:10:17 (9380 turns).

Arkorax the Severer (Minotaur Berserker)            Turns: 9380, Time: 00:10:17

Health: 0/186      AC: 17    Str: 35    XL:     12   Next: 76%
Magic:  11/11      EV:  8    Int:  4    God:    Trog [******]
Gold:   1033       SH:  6    Dex: 10    Spells: 0 memorised, 11 levels left

rFire  . . .     SeeInvis .     R - +5 executioner's axe (elec)
rCold  . . .     Gourm    .     G - +0 plate armour
rNeg   . . .     Faith    .     (shield currently unavailable)
rPois  .         Spirit   .     a - +1 hat
rElec  .         Dismiss  .     e - +0 cloak
rCorr  .         Reflect  +     (no gloves)
SustAt .         Harm     .     Y - +0 pair of boots
MR     .....                    d - +6 amulet of reflection
Stlth  ..........               w - +3 ring of protection
                                v - +3 ring of strength

@: berserking, very quick, not resistant to hostile enchantments, extremely
unstealthy
A: retaliatory headbutt, horns 2
a: Berserk, Trog's Hand, Brothers in Arms, Burn Spellbooks, Renounce Religion


You were on level 4 of the Lair of Beasts.
You worshipped Trog.
Trog was exalted by your worship.
You were not hungry.

You visited 2 branches of the dungeon, and saw 14 of its levels.

You collected 1033 gold pieces.

Inventory:

Hand Weapons
 E - the +3 war axe "Pacasaje" {speed, rElec}
   (You found it on level 5 of the Dungeon)

   Attacks with this weapon are significantly faster.
   It insulates you from electricity.
 R - a +5 executioner's axe of electrocution (weapon)
Armour
 a - a +1 hat (worn)
 e - a +0 cloak (worn)
 G - a +0 plate armour (worn)
 Y - a +0 pair of boots (worn)
Jewellery
 b - an uncursed amulet of harm {unknown}
 d - a +6 amulet of reflection (around neck)
 v - a +3 ring of strength (left hand)
 w - a +3 ring of protection (right hand)
Wands
 r - a wand of flame (30/48)
 F - a wand of acid (9/15)
 I - a wand of iceblast (13/15)
 J - a wand of paralysis (12/24)
 U - a wand of disintegration (14/24)
 W - a wand of flame (22/48)
 X - a wand of confusion (33/48)
 Z - a wand of lightning (1/15)
Scrolls
 h - 3 scrolls of magic mapping
 n - 2 scrolls of blinking
 o - 2 scrolls of recharging
 q - 14 scrolls of identify
 s - 3 scrolls of teleportation
 H - a scroll of enchant armour
 K - a scroll of fear
 P - a scroll of fog
Potions
 i - 2 potions of cure mutation {unknown}
 j - 6 potions of curing
 t - 5 potions of flight {unknown}
 u - 3 potions of agility {unknown}
 x - 2 potions of degeneration {unknown}
 A - 3 potions of haste {unknown}
 D - a potion of berserk rage {unknown}
 L - 3 potions of lignification {unknown}
 M - a potion of might {unknown}
 O - 2 potions of brilliance {unknown}
 Q - 2 potions of mutation {unknown}
 S - 2 potions of ambrosia {unknown}
Comestibles
 c - 3 bread rations
 f - 2 meat rations
 z - 9 slices of pizza
 B - 5 beef jerkies
 C - a royal jelly


   Skills:
 + Level 16.8 Fighting
 * Level 17.9 Axes
 - Level 2.4 Armour
 - Level 2.1 Dodging


You had 11 spell levels left.
You didn't know any spells.

Dungeon Overview and Level Annotations

Branches:
Dungeon (10/15)            Temple (0/1) D:6            Lair (4/8) D:10
  Swamp: Lair:3-6    Shoals: Lair:3-6     Snake: Lair:3-6    Spider: Lair:3-6
    Orc: D:9-12

Altars:
Cheibriados
Elyvilon
Fedhas
Makhleb
Nemelex Xobeh
Okawaru
Trog
The Shining One


Innate Abilities, Weirdness & Mutations

You reflexively headbutt those who attack you in melee.
You have a pair of horns on your head.


Message History

You are too injured to fight recklessly!
Unknown command.
You are too injured to fight recklessly!
Unknown command.
Unknown command.
A red film seems to cover your vision as you go berserk!
You feel yourself moving faster!
You feel mighty!
You feel somewhat more hungry. The ten-headed hydra bites you!
* * * LOW HITPOINT WARNING * * *
The ten-headed hydra bites you.
* * * LOW HITPOINT WARNING * * *
The ten-headed hydra bites you.
* * * LOW HITPOINT WARNING * * *
You block the ten-headed hydra's attack.
The ten-headed hydra bites you but does no damage.
The ten-headed hydra bites you!
* * * LOW HITPOINT WARNING * * *
The ten-headed hydra bites you but does no damage. x2
The ten-headed hydra barely misses you. The ten-headed hydra bites you.
You die...

,**,..,,*#..................#....
,,*.....*##..+......#........#...
,**#....* #.###.....#P.......#...
*,##....#*#.P###............##..#
*.#......##..#P#.....#.##...##..#
.....................P.###..##..#
≈≈≈..................P...........
≈≈≈≈............D........†.......
≈≈≈≈............@................
.≈≈≈≈............................
≈≈≈≈................####P.###....
.≈≈≈≈....#######....# #..#.#....
≈≈≈≈≈....# #####....#####....#...
≈≈≈......###..###....##..........
≈≈≈≈...........#.....#P....##....
.....................##....P##...
..........##.###.....#P..P.##....


You could see a ten-headed hydra.

Vanquished Creatures
  Harold (Lair:2)
  4 hydras
  8 death yaks
  3 elephants (Lair:3)
  A black mamba (Lair:1)
  A centaur skeleton (D:10)
  5 spiny frogs
  4 komodo dragons
  A troll (D:6)
  The ghost of vuolankoinen the Cudgeler, an amateur HuWn (D:4)
  A two-headed ogre (D:9)
  9 blink frogs
  Sigmund (D:3)
  11 yaks
  A human (D:7)
  A hungry ghost (D:7)
  A basilisk (Lair:2)
  A hippogriff (Lair:1)
  5 water moccasins
  7 porcupines
  4 orc warriors
  An ice beast (D:10)
  4 sky beasts
  2 ogres
  9 wolves
  A phantom (D:8)
  4 centaurs
  6 crocodiles
  10 giant frogs
  4 scorpions
  5 howler monkeys
  3 electric eels (D:7)
  2 crimson imps
  2 giant frog zombies
  6 hounds
  2 jellies
  8 orc priests
  14 orc wizards
  2 iguanas
  Natasha (D:3)
  4 worker ants
  10 sheep
  A hound zombie (D:7)
  2 hound skeletons
  2 worker ant zombies
  7 gnolls
  3 adders
  53 river rats
  3 shadow imps
  An ooze (D:3)
  2 adder zombies
  An adder skeleton (D:4)
  4 worms
  11 dart slugs
  A giant gecko (D:3)
  34 orcs
  2 ball pythons
  15 bats
  6 giant cockroaches
  5 goblins
  4 hobgoblins
  7 jackals
  2 kobolds (D:1)
  3 quokkas
  A ball python skeleton (D:4)
  3 giant newts
  3 quokka skeletons
  8 rats
  3 fungi
358 creatures vanquished.

Vanquished Creatures (others)
  A fungus (Lair:3)
  A plant (D:7)
2 creatures vanquished.

Grand Total: 360 creatures vanquished

Notes
Turn   | Place    | Note
--------------------------------------------------------------
     0 | D:1      | Arkorax the Minotaur Berserker began the quest for the Orb.
     0 | D:1      | Reached XP level 1. HP: 19/19 MP: 0/0
   286 | D:1      | Reached skill level 4 in Axes
   300 | D:1      | Reached XP level 2. HP: 22/27 MP: 1/1
   695 | D:2      | Reached ** piety under Trog
   728 | D:3      | Found an iron altar of Okawaru.
   735 | D:3      | Reached XP level 3. HP: 33/33 MP: 2/2
   757 | D:3      | Reached skill level 5 in Axes
   757 | D:3      | Reached XP level 4. HP: 35/41 MP: 3/3
   779 | D:3      | Reached skill level 5 in Fighting
   869 | D:3      | Reached XP level 5. HP: 39/48 MP: 4/4
  1151 | D:3      | Found a faded altar to an unknown god.
  1221 | D:3      | Noticed Natasha
  1268 | D:3      | Noticed Sigmund
  1273 | D:3      | Reached skill level 6 in Axes
  1277 | D:3      | Killed Sigmund
  1277 | D:3      | Reached XP level 6. HP: 46/58 MP: 5/5
  1278 | D:3      | Reached *** piety under Trog
  1691 | D:3      | Killed Natasha
  1691 | D:3      | Reached skill level 7 in Axes
  2364 | D:4      | Reached XP level 7. HP: 44/66 MP: 6/6
  2627 | D:4      | Found a sparkling altar of Nemelex Xobeh.
  2630 | D:4      | Found a snail-covered altar of Cheibriados.
  2630 | D:4      | Found a bloodstained altar of Trog.
  2630 | D:4      | Found a white marble altar of Elyvilon.
  2785 | D:4      | Reached skill level 8 in Axes
  2964 | D:4      | Noticed vuolankoinen's ghost (amateur HuWn)
  2974 | D:4      | Killed vuolankoinen's ghost
  3188 | D:5      | Entered Level 5 of the Dungeon
  3238 | D:5      | Reached **** piety under Trog
  3256 | D:5      | Found a burning altar of Makhleb.
  3326 | D:5      | Reached XP level 8. HP: 58/75 MP: 7/7
  3345 | D:5      | Reached skill level 9 in Axes
  3363 | D:5      | Got a crystal war axe
  3364 | D:5      | Identified the cursed +3 war axe "Pacasaje" {speed, rElec} (You found it on level 5 of the Dungeon)
  3702 | D:6      | Noticed a troll
  3711 | D:6      | Killed a troll
  3711 | D:6      | Reached skill level 10 in Fighting
  3711 | D:6      | Reached skill level 10 in Axes
  3882 | D:6      | Reached XP level 9. HP: 86/86 MP: 8/8
  4040 | D:6      | Found a staircase to the Ecumenical Temple.
  4276 | D:7      | Reached ***** piety under Trog
  4425 | D:7      | Found a glowing golden altar of the Shining One.
  4444 | D:7      | Reached skill level 11 in Axes
  5111 | D:8      | Reached skill level 12 in Axes
  5416 | D:9      | Received a gift from Trog
  5527 | D:9      | Reached XP level 10. HP: 72/99 MP: 9/9
  5678 | D:9      | Found a blossoming altar of Fedhas.
  5866 | D:10     | Entered Level 10 of the Dungeon
  5921 | D:10     | Reached skill level 13 in Axes
  5957 | D:10     | Found a staircase to the Lair.
  5965 | Lair:1   | Entered Level 1 of the Lair of Beasts
  5978 | Lair:1   | Noticed a spiny frog
  5985 | Lair:1   | Killed a spiny frog
  6167 | Lair:1   | Noticed a black mamba
  6171 | Lair:1   | Killed a black mamba
  6311 | Lair:1   | Received a gift from Trog
  6358 | Lair:2   | Noticed a seven-headed hydra
  6363 | Lair:2   | Killed an 11-headed hydra
  6363 | Lair:2   | Reached skill level 14 in Axes
  6537 | Lair:2   | Reached XP level 11. HP: 92/110 MP: 10/10
  6581 | Lair:2   | Noticed a five-headed hydra
  6596 | Lair:2   | Killed an 11-headed hydra
  6795 | Lair:2   | Noticed Harold
  6810 | Lair:2   | Killed Harold
  7161 | Lair:2   | Reached skill level 15 in Axes
  7166 | Lair:2   | Reached skill level 15 in Fighting
  7619 | Lair:3   | Noticed a five-headed hydra
  7628 | Lair:3   | Killed a ten-headed hydra
  7897 | Lair:3   | Received a gift from Trog
  8045 | Lair:3   | Reached skill level 16 in Axes
  8056 | Lair:3   | Reached XP level 12. HP: 109/122 MP: 11/11
  8148 | Lair:3   | Noticed a death yak
  8150 | Lair:3   | Noticed a death yak
  8151 | Lair:3   | Noticed a death yak
  8151 | Lair:3   | Noticed a death yak
  8155 | Lair:3   | Killed a death yak
  8159 | Lair:3   | Killed a death yak
  8160 | Lair:3   | Killed a death yak
  8161 | Lair:3   | Killed a death yak
  8230 | Lair:3   | Noticed a six-headed hydra
  8238 | Lair:3   | Killed an eight-headed hydra
  8389 | Lair:3   | Reached ****** piety under Trog
  8576 | Lair:4   | Reached skill level 17 in Axes
  8691 | Lair:4   | Noticed a death yak
  8692 | Lair:4   | Noticed a death yak
  8692 | Lair:4   | Noticed a death yak
  8693 | Lair:4   | Noticed a death yak
  8696 | Lair:4   | Killed a death yak
  8699 | Lair:4   | Killed a death yak
  8702 | Lair:4   | Killed a death yak
  8703 | Lair:4   | Killed a death yak
  9371 | Lair:4   | Noticed a six-headed hydra
  9380 | Lair:4   | HP: 5/186 [ten-headed hydra (8)]
  9380 | Lair:4   | Slain by a ten-headed hydra

Skill      XL: |  1  2  3  4  5  6  7  8  9 10 11 12 |
---------------+-------------------------------------+-----
Axes           | 4 5 6 7 8 10 12 14 16 17 | 17.9
Fighting       | 4 5 6 7 8 10 12 14 15 16 | 16.8
Armour         | |  2.4
Dodging        | |  2.1

Action                   |  1- 3 |  4- 6 |  7- 9 | 10-12 || total
-------------------------+-------+-------+-------+-------++-------
Melee: Hand axe          |    48 |   115 |    68 |       ||   231
       Headbutt          |     5 |    22 |    51 |    90 ||   168
       War axe           |       |       |   222 |   296 ||   518
       Executioner's axe |       |       |       |   109 ||   109
Invok: Burn Spellbooks   |     1 |       |     2 |     3 ||     6
       Berserk           |       |     2 |     3 |     9 ||    14
       Trog's Hand       |       |       |     2 |     1 ||     3
  Use: Scroll            |       |       |       |    16 ||    16
  Eat: Chunk             |       |     4 |     3 |     1 ||     8
       Bread ration      |       |     1 |     2 |     4 ||     7
       Meat ration       |       |       |     1 |       ||     1
Armor: Animal skin       |    17 |    16 |     3 |       ||    36
       Ring mail         |       |       |    14 |       ||    14
       Plate armour      |       |       |    78 |   162 ||   240
Dodge: Dodged            |    31 |    68 |    86 |   104 ||   289
Block: Other             |       |       |    50 |    75 ||   125
       Reflection        |       |       |     2 |     1 ||     3
